 Dungeon Crawl Stone Soup version 0.29.1-12-g30fa7ad0bf (webtiles) character file.

Game seed: 7694610361466549320

373 cdecastro the Changer (level 6, -2/70 HPs)
             Began as a Draconian Transmuter on Jan 14, 2023.
             Slain by a gnoll
             ... wielding a +0 whip of electrocution
             ... led by a gnoll bouda
              (3 damage)
             ... on level 5 of the Dungeon.
             The game lasted 00:07:20 (3348 turns).

cdecastro the Changer (Draconian Transmuter)        Turns: 3348, Time: 00:07:20

Health: -2/70      AC: 23    Str: 12    XL:     6   Next: 43%
Magic:  9/9        EV:  2    Int: 15    God:
Gold:   217        SH:  0    Dex: 12    Spells: 6/9 levels left

rFire   . . .      SeeInvis .   p - +3 dagger (freeze)
rCold   . . .      Faith    .   (no shield)
rNeg    . . .      Spirit   .   (body armour unavailable)
rPois   +          Reflect  .   (helmet currently unavailable)
rElec   .          Harm     .   (cloak currently unavailable)
rCorr   .          Rampage  .   (gloves currently unavailable)
Will    .....      NoTele   +   (boots currently unavailable)
Stlth   +.........              (no amulet)
HPRegen 0.21/turn               (no ring)
MPRegen 0.11/turn               (no ring)

@: tree-form
A: stationary, stasis, torment immunity, boosted hp, AC +6, unfitting armour,
(cold-blooded)
a: no special abilities


You were on level 5 of the Dungeon.
You were a tree.
You visited 1 branch of the dungeon, and saw 7 of its levels.

You collected 217 gold pieces.

Inventory:

Hand Weapons
 p - a +3 dagger of freezing (weapon)
Missiles
 o - 4 poisoned darts
Armour
 c - a +0 pair of gloves (melded)
 i - a +0 cloak (melded)
Magical Staves
 e - a staff of air
Jewellery
 l - an amulet of guardian spirit
Scrolls
 b - 2 scrolls of identify {unknown}
 d - a scroll of teleportation {unknown}
 g - a scroll of vulnerability {unknown}
 j - a scroll of fear {unknown}
 k - a scroll of enchant weapon {unknown}
 m - a scroll of butterflies {unknown}
Potions
 a - a potion of lignification
 f - a potion of mutation {unknown}
 h - 4 potions of might {unknown}
 n - 2 potions of attraction {unknown}


   Skills:
 - Level 1.1 Fighting
 - Level 1.7 Dodging
 - Level 3.0 Unarmed Combat
 - Level 2.0 Spellcasting
 + Level 6.9 Transmutations


You had 6 spell levels left.
You knew the following spells:

 Your Spells              Type           Power      Damage    Failure   Level
a - Beastly Appendage     Tmut           44%        N/A       1%          1
b - Wereblood             Tmut           22%        N/A       1%          2

Your spell library contained the following spells:

 Spells                   Type           Power      Damage    Failure   Level
 Spider Form              Tmut/Pois      11%        N/A       16%         3
 Ignite Poison            Fire/Tmut/Pois 8%         N/A       26%         3
 Blink                    Tloc           2%         N/A       32%         2
 Ice Form                 Ice/Tmut       11%        N/A       47%         4
 Dazzling Flash           Conj/Hex       2%         N/A       54%         3
 Lesser Beckoning         Tloc           1%         N/A       54%         3
 Mephitic Cloud           Conj/Pois/Air  1%         N/A       54%         3
 Iskenderun's Mystic Bla  Conj/Tloc      1%         2d3       91%         4
 Freezing Cloud           Conj/Ice/Air   0%         6-21      99%         5
 Manifold Assault         Tloc           1%         N/A       99%         5
 Starburst                Conj/Fire      0%         6d3       100%        6


Dungeon Overview and Level Annotations

Branches:
Dungeon (7/15)
 Temple: D:4-7

Altars:
Dithmenos
Elyvilon
Ru


Innate Abilities, Weirdness & Mutations

You are a tree.
Your roots penetrate the ground, keeping you stationary.
You cannot be teleported.
You are immune to unholy pain and torment.
Your maximum health is greatly increased.
Your equipment is partially melded.
((Your plain brown scales are hard. (AC +6)))
You cannot fit into any form of body armour.
((You are cold-blooded and may be slowed by cold attacks.))


Message History

* * * LOW HITPOINT WARNING * * *
Unknown command.
Unknown command.
You hit the gnoll. You freeze the gnoll.
The gnoll is heavily wounded.
The gnoll is no longer moving quickly.
The gnoll hits you but does no damage.
You closely miss the gnoll.
The gnoll is heavily wounded.
The gnoll hits you with a +0 whip.
* * * LOW HITPOINT WARNING * * *
You hit the gnoll. You freeze the gnoll.
You kill the gnoll!
The gnoll is no longer moving quickly.
You puncture the jelly! You freeze the jelly.
Your branches burn!
* * * LOW HITPOINT WARNING * * *
The jelly is severely wounded.
The jelly hits you but does no damage.
You hit the jelly. You freeze the jelly.
Your branches burn!
* * * LOW HITPOINT WARNING * * *
The jelly is almost dead.
The jelly hits you but does no damage.
You hit the jelly. You freeze the jelly.
You kill the jelly!
You hit the gnoll. You freeze the gnoll.
The gnoll is moderately wounded.
The gnoll hits you but does no damage.
You hit the gnoll. You freeze the gnoll.
The gnoll is heavily wounded.
The gnoll hits you but does no damage.
You closely miss the gnoll.
The gnoll is heavily wounded.
The gnoll barely misses you.
You barely miss the gnoll.
The gnoll is heavily wounded.
The gnoll hits you with a +0 whip of electrocution.
* * * LOW HITPOINT WARNING * * *
You hit the gnoll. You freeze the gnoll.
The gnoll is severely wounded.
The gnoll hits you with a +0 whip of electrocution.
You die...

#.# #.# #.# #.# #.# #.#
#># #.# #.# . #.# #)#
g..#####.# #.#
.........########.####.#
........gg♣..).........#
.........########.######
g....###.# #.# ..## #.#
#.# . #.# #.. #.# ###
#.# #.#


You could see 2 gnolls.

Vanquished Creatures
  A bullfrog (D:6)
  A scorpion (D:6)
  A jelly (D:5)
  A gnoll bouda (D:5)
  An orc wizard (D:3)
  2 gnolls (D:5)
  6 adders
  2 worms
  4 dart slugs
  7 orcs
  7 ball pythons
  6 bats
  9 endoplasms
  2 giant cockroaches (D:2)
  6 goblins
  8 hobgoblins
  3 kobolds
  3 quokkas
  3 frilled lizards
  8 rats
81 creatures vanquished.

Notes
Turn   | Place    | Note
-------+----------+-------------------------------------------
     0 | D:1      | cdecastro the Draconian Transmuter began the quest for the
                  | Orb.
     0 | D:1      | Reached XP level 1. HP: 16/16 MP: 3/3
   193 | D:1      | Reached XP level 2. HP: 23/23 MP: 3/5
   298 | D:1      | Reached skill level 3 in Transmutations
   654 | D:1      | Reached XP level 3. HP: 28/28 MP: 4/6
  1295 | D:2      | Reached skill level 4 in Transmutations
  1445 | D:2      | Found a faded altar of an unknown god.
  1664 | D:3      | Found a shadowy altar of Dithmenos.
  1690 | D:3      | Reached XP level 4. HP: 35/35 MP: 5/7
  1931 | D:3      | Learned a level 2 spell: Wereblood
  2069 | D:3      | Found a white marble altar of Elyvilon.
  2105 | D:3      | Reached skill level 5 in Transmutations
  2720 | D:4      | Noticed an ogre
  2763 | D:3      | Reached XP level 5. HP: 40/40 MP: 6/8
  2828 | D:4      | You fall into a shaft and drop 3 floors!
  2831 | D:7      | Found a sacrificial altar of Ru.
  2889 | D:6      | Reached skill level 6 in Transmutations
  3165 | D:6      | Reached XP level 6. HP: 38/47 MP: 7/9
  3277 | D:5      | Entered Level 5 of the Dungeon
  3342 | D:5      | HP: 2/70 [acid (5)]
  3347 | D:5      | HP: 1/70 [gnoll/+0 whip of electrocution[a gnoll bouda]
                  | (2)]
  3348 | D:5      | Slain by a gnoll

Illustrated notes

Levels and vault maps discovered:
D:1:      amcnicky_arrival_double_pillar, layout_loops_ring, chequers_arboretum
D:2:      layout_basic, shapermc_ecumenical_altar_mp_ritualfount
D:3:      minmay_door_path, layout_loops_ring,
          grunt_dithmenos_smoke_and_mirrors, mainiacjoe_overflow_chevrons
D:4:      layout_basic, lemuel_crystal_altar, grunt_gozag_statues,
          minmay_temple_entry_butterflies, minmay_shop_enchanted_jewellery,
          hangedman_decor_push, minmay_large_rounded_square, uniq_edmund,
          uniq_ijyb
D:5:      layout_loops_ring, mainiacjoe_overflow_paths, enter_ossuary_4,
          uniq_sigmund, uniq_menkaure, uniq_pikel
D:6:      kennysheep_housing_project, layout_basic, mainiacjoe_overflow_alcove_2
D:7:      lemuel_slime, layout_basic, mainiacjoe_overflow_brackets,
          demons_altar, nicolae_ru_awakened_eye, serial_corexii_hall,
          chequers_hall_statues_wall_a, corexii_hall_statues_l,
          minmay_misc_feat_secret_circle

Skill      XL: |  1  2  3  4  5 |
---------------+----------------+-----
Transmutations | 3 4 5 6 |  6.9
Fighting       | |  1.1
Dodging        | |  1.7
Unarmed Combat | |  3.0
Spellcasting   | |  2.0

Action                   |  1- 3 |  4- 6 || total
-------------------------+-------+-------++-------
Melee: Unarmed           |    96 |    83 ||   179
       Tailslap          |    14 |    16 ||    30
       Kick              |    24 |    27 ||    51
       Headbutt          |    19 |    20 ||    39
       Punch             |     4 |     1 ||     5
       Dagger            |       |    71 ||    71
 Cast: Beastly Appendage |    28 |    17 ||    45
  Use: Potion            |       |     1 ||     1
Armor: Skin              |    22 |    51 ||    73
Dodge: Dodged            |    63 |    68 ||   131
